 Dungeon Crawl Stone Soup version 0.29-a0-961-gfab03dca74 (webtiles) character file.

Game seed: 17814596925899502025

951 Ajdolov the Cleaver (level 8, 0/61 HPs)
             Began as a Ghoul Gladiator on July 30, 2022.
             Killed from afar by Dowan (15 damage)
             ... with a stone arrow
             ... on level 4 of the Dungeon.
             The game lasted 00:05:22 (4714 turns).

Ajdolov the Cleaver (Ghoul Gladiator)               Turns: 4714, Time: 00:05:22

Health: 0/61       AC:  9    Str: 20    XL:     8   Next: 13%
Magic:  7/7        EV:  8    Int:  3    God:
Gold:   186        SH:  0    Dex: 10    Spells: 7/7 levels left

rFire   . . .      SeeInvis .   a - +0 war axe
rCold   + . .      Faith    .   (no shield)
rNeg    + + +      Spirit   .   s - +0 chain mail
rPois   ∞          Reflect  .   c - +0 helmet
rElec   .          Harm     .   (no cloak)
rCorr   .          Rampage  .   (no gloves)
Will    .....                   (no boots)
Stlth   ..........              (no amulet)
HPRegen 0.00/turn               (no ring)
MPRegen 0.10/turn               (no ring)

@: lit by a corona, inhibited regen, glowing
A: claws 1, cold resistance 1, negative energy resistance 3, inhibited
regeneration, torment resistance 2, devour on kill
a: no special abilities


You were on level 4 of the Dungeon.
You visited 1 branch of the dungeon, and saw 4 of its levels.

You collected 186 gold pieces.

Inventory:

Hand Weapons
 a - a +0 war axe (weapon)
Missiles
 e - a javelin (quivered)
 u - 2 atropa-tipped darts
Armour
 c - a +0 helmet (worn)
 s - a +0 chain mail (worn)
Wands
 v - a wand of polymorph (7)
 w - a wand of quicksilver (11)
Scrolls
 b - a scroll of torment {unknown}
 f - a scroll of enchant armour {unknown}
 g - 3 scrolls of identify {unknown}
 i - a scroll of immolation {unknown}
 k - 3 scrolls of teleportation {unknown}
 l - a scroll of summoning {unknown}
 m - a scroll of magic mapping {unknown}
 n - 3 scrolls of enchant weapon {unknown}
 p - a scroll of poison {unknown}
 r - a scroll of noise {unknown}
 t - a scroll of fog {unknown}
Potions
 h - 2 potions of heal wounds {unknown}
 j - 7 potions of curing {unknown}
 o - a potion of magic {unknown}
 q - 2 potions of flight {unknown}
 x - a potion of brilliance {unknown}


   Skills:
 - Level 2.1 Fighting
 * Level 8.8 Axes
 - Level 1.7 Throwing
 - Level 2.6 Dodging


You had 7 spell levels left.
You didn't know any spells.
Your spell library contained the following spells:

 Spells                   Type           Power      Damage    Failure   Level
 Conjure Flame            Conj/Fire      0%         6-21      100%        3
 Ignite Poison            Fire/Tmut/Pois 0%         N/A       100%        3
 Sticky Flame             Conj/Fire      0%         2d3       100%        4


Dungeon Overview and Level Annotations

Branches:
Dungeon (4/15)
 Temple: D:4-7

Altars:

Annotations:
D:4 Dowan


Innate Abilities, Weirdness & Mutations

You are immune to poison.
You have sharp fingernails.
Your flesh is cold resistant. (rC+)
You are immune to negative energy. (rN+++)
You do not regenerate when monsters are visible.
You are immune to unholy pain and torment.
You thrive by killing the living.


Message History

Duvessa is moderately wounded.
Dowan hits you with a +0 dagger.
Duvessa struggles against the net.
You slash Duvessa!
Duvessa is severely wounded.
You hit Dowan.
Dowan casts a spell.
Dowan blinks!
Duvessa struggles against the net.
You hit Duvessa but do no damage.
Duvessa is severely wounded.
Duvessa struggles against the net.
You catch the helpless Duvessa completely off-guard!
You hit Duvessa.
Duvessa is severely wounded.
Duvessa struggles against the net.
You hit Duvessa.
Duvessa is almost dead.
Duvessa struggles against the net.
You slash Duvessa!
You kill Duvessa!
You feel better.
Dowan seems overcome with grief.
Dowan seems to find hidden reserves of power!
Dowan hits you but does no damage.
You hit Dowan.
Dowan is heavily wounded.
Dowan casts a spell at you. The stone arrow hits you!
Dowan hits you with a +0 dagger.
* * * LOW HITPOINT WARNING * * *
You closely miss Dowan.
Dowan is heavily wounded.
Dowan hits you but does no damage.
Throw: throwing net
Press: ? - help, Q - select action, (/) - cycle Shift-Dir - straight line, f - Dowan
Aim: Dowan, wielding a +0 dagger and wearing a +0 robe (heavily wounded, fast, 43% to hit)
You throw a throwing net. The throwing net closely misses Dowan.
Dowan hits you with a +0 dagger.
* * * LOW HITPOINT WARNING * * *
Dowan gestures at you while chanting. The stone arrow hits you!
You die...

#.# ##### #..#
#.#.# #.#
....##'########.#.#
##.##
#.....ee<.....#..
#...#
#....#.#########.
#...# #.##.#.# #.
#...# ... #e#.# #.
###.# ### #.#.# #.
#.# ######.#.# #.
#.# #.@e.....(
..#####. #.#
#.####.### #......#
#.# #.# .# #.#####.
#.# ####.####.# #.
#.# #.......#.# #.#
#. #.# #.#####.#.#
#.# ###. #.# #.#
#...#####.# #...
#.####.#
#......##.# #.##
#......#
#..###.##.# #.#


You could see Dowan (fast).

Vanquished Creatures
  Pikel (D:4)
  Duvessa (D:4)
  Blork the orc (D:4)
  2 hounds (D:3)
  An orc priest (D:3)
  3 orc wizards
  2 adders
  5 gnolls
  A worm (D:2)
  3 dart slugs
  3 orcs (D:3)
  7 ball pythons
  6 bats
  6 endoplasms
  3 giant cockroaches (D:1)
  7 goblins
  5 hobgoblins
  A jackal (D:1)
  8 quokkas
  3 frilled lizards
  5 kobolds
  3 rats
77 creatures vanquished.

Notes
Turn   | Place    | Note
-------+----------+-------------------------------------------
     0 | D:1      | Ajdolov the Ghoul Gladiator began the quest for the Orb.
     0 | D:1      | Reached XP level 1. HP: 17/17 MP: 0/0
   122 | D:1      | Reached skill level 3 in Axes
   159 | D:1      | Reached XP level 2. HP: 10/24 MP: 1/1
   550 | D:1      | Reached XP level 3. HP: 29/29 MP: 2/2
   723 | D:1      | Found a faded altar of an unknown god.
   943 | D:2      | Reached skill level 4 in Axes
  1217 | D:2      | Reached XP level 4. HP: 35/36 MP: 3/3
  2469 | D:3      | Reached skill level 5 in Axes
  2469 | D:3      | Reached XP level 5. HP: 34/41 MP: 4/4
  2981 | D:3      | Reached skill level 6 in Axes
  2981 | D:3      | Reached XP level 6. HP: 47/48 MP: 5/5
  3087 | D:4      | Noticed Blork the orc
  3686 | D:4      | Killed Blork the orc
  4285 | D:4      | Noticed Pikel
  4288 | D:4      | Noticed Dowan
  4405 | D:4      | Killed Pikel
  4406 | D:4      | Reached skill level 8 in Axes
  4406 | D:4      | Reached XP level 7. HP: 27/55 MP: 6/6
  4406 | D:4      | Reached XP level 8. HP: 30/61 MP: 7/7
  4588 | D:4      | Noticed Duvessa
  4711 | D:4      | Killed Duvessa
  4714 | D:4      | Killed from afar by Dowan

Illustrated notes

Levels and vault maps discovered:
D:1:      saegor_arrival_simple_c, layout_rooms,
          shapermc_ecumenical_altar_totnotflames, minmay_close_crescents
D:2:      layout_loops_ring
D:3:      layout_basic, minmay_misc_feat_x, cheibrodos_gnoll_hut
D:4:      minmay_chambers_of_twos, layout_loops_ring, uniq_pikel, uniq_duvessa,
          uniq_blork_the_orc

Skill      XL: |  1  2  3  4  5  6 |
---------------+-------------------+-----
Axes           | 3 4 5 6 8 |  8.8
Fighting       | |  2.1
Throwing       | |  1.7
Dodging        | |  2.6

Action                   |  1- 3 |  4- 6 |  7- 9 || total
-------------------------+-------+-------+-------++-------
Melee: War axe           |   112 |   174 |    15 ||   301
       Punch             |       |     2 |       ||     2
Throw: Throwing net      |       |     1 |     2 ||     3
       Dart              |       |     1 |       ||     1
 Stab: Held in net/web   |       |     1 |     1 ||     2
Armor: Leather armour    |    26 |       |       ||    26
       Ring mail         |    36 |     3 |       ||    39
       Scale mail        |       |    16 |       ||    16
       Chain mail        |       |    56 |     6 ||    62
Dodge: Dodged            |    94 |    91 |     2 ||   187

Table legend: (Time is in decaauts)
 A = Elapsed time spent in this place.
 B = Non-inter-level travel time spent in this place.
 C = Inter-level travel time spent in this place.
 D = Time resting spent in this place.
 E = Time spent auto-exploring this place.
 F = Levels seen in this place.
 G = Mean time per level.
                   A        B        C        D        E       F      G
               +--------+--------+--------+--------+--------+-----+--------+
         Total |   4794 |   4595 |    199 |    532 |   3183 |   4 | 1198.5 |
       Dungeon |   4794 |   4595 |    199 |    532 |   3183 |   4 | 1198.5 |
               +--------+--------+--------+--------+--------+-----+--------+

Top non-repeatable levels by time:
     D:3: 1605 daAuts
     D:4: 1308 daAuts
     D:2: 940 daAuts
     D:1: 939 daAuts
